 Dungeon Crawl Stone Soup version 0.29.1-2-gbd0b4ee654 (webtiles) character file.

Game seed: 5660359343811438387

59 Descartes the Sneak (level 3, -5/18 HPs)
             Began as a Spriggan Wanderer on Nov 27, 2022.
             Slain by a gnoll
             ... wielding a +0 whip
              (10 damage)
             ... on level 3 of the Dungeon.
             The game lasted 00:03:54 (2676 turns).

Descartes the Sneak (Spriggan Wanderer)             Turns: 2676, Time: 00:03:55

Health: -5/18      AC:  3    Str: 11    XL:     3   Next: 78%
Magic:  6/6        EV: 17    Int: 13    God:
Gold:   106        SH:  0    Dex: 13    Spells: 3/4 levels left

rFire   . . .      SeeInvis +   a - +2 mace
rCold   . . .      Faith    .   (no shield)
rNeg    . . .      Spirit   .   d - +0 robe
rPois   .          Reflect  .   (helmet restricted)
rElec   .          Harm     .   b - +0 cloak
rCorr   .          Rampage  .   (gloves unavailable)
Will    .....                   (boots unavailable)
Stlth   +++.......              (no amulet)
HPRegen 0.06/turn               (no ring)
MPRegen 0.10/turn               (no ring)

@: very quick
A: very small, no large weapons, unfitting armour, see invisible, speed 3
a: no special abilities


You were on level 3 of the Dungeon.
You visited 1 branch of the dungeon, and saw 3 of its levels.

You collected 106 gold pieces.

Inventory:

Hand Weapons
 a - a +2 mace (weapon)
Missiles
 o - 2 poisoned darts
Armour
 b - a +0 cloak (worn)
 d - a +0 robe (worn)
Jewellery
 n - a ring of poison resistance
Scrolls
 c - a scroll of summoning
 f - a scroll of blinking {unknown}
 g - 2 scrolls of noise {unknown}
 i - 2 scrolls of vulnerability {unknown}
 l - 3 scrolls of identify {unknown}
Potions
 e - a potion of heal wounds {unknown}
 h - a potion of invisibility {unknown}
 j - a potion of mutation {unknown}
 k - a potion of degeneration {unknown}
 m - a potion of lignification {unknown}


   Skills:
 - Level 1.0 Fighting
 - Level 0.7 Short Blades
 - Level 1.3 Maces & Flails
 + Level 3.2 Dodging
 + Level 4.7 Stealth
 - Level 1.3 Spellcasting
 + Level 0.5 Conjurations
 - Level 2.4 Hexes
 - Level 1.3 Evocations


You had 3 spell levels left.
You knew the following spells:

 Your Spells              Type           Power      Damage    Failure   Level
a - Slow                  Hex            28%        N/A       10%         1

Your spell library contained the following spells:

 Spells                   Type           Power      Damage    Failure   Level
 Summon Guardian Golem    Hex/Summ       4%         N/A       45%         3


Dungeon Overview and Level Annotations

Branches:
Dungeon (3/15)

Altars:
Vehumet


Innate Abilities, Weirdness & Mutations

You are very small and have problems with some larger weapons.
You are too small for most types of armour.
You have supernaturally acute eyesight. (SInv)
You cover ground extremely quickly. (Speed+++)


Message History

The gnoll barely misses you.
You hit the gnoll.
The gnoll is almost dead.
The gnoll closely misses you.
You sock the gnoll!
You kill the gnoll!
No target in view!
No target in view!
No target in view!
No target in view!
No target in view!
No target in view!
No target in view!
No target in view!
No target in view!
No target in view!
No target in view!
A gnoll comes into view. It is wielding a +0 flail.
Found 11 gold pieces.
You see here a +0 whip. 2 gnolls come into view.
Found 5 stones.
The gnoll shouts! x2
The gnoll hits you with a +0 flail.
You closely miss the gnoll. The gnoll barely misses you.
You hit the gnoll but do no damage. The gnoll hits you with a +0 flail.
The gnoll completely misses you. x2; The gnoll barely misses you.
The gnoll misses you.
You hit the gnoll.
The gnoll is heavily wounded.
The gnoll closely misses you. The gnoll misses you.
The gnoll completely misses you.
You sock the gnoll!
You kill the gnoll!
The gnoll hits you with a +0 flail!
Ouch! That really hurt!
* * * LOW HITPOINT WARNING * * *
The gnoll hits you with a +0 whip!
Ouch! That really hurt!
You die...

#..... #....
###########...
....#....##.. #####
#......##.# ###....#
#.....##.# #......#
#######..)....# #......#
.(......####..###......#
......)@# #...##......#
......gg# ##...#....#
........# #.#......#
...$....+ #.##.....##
........# #.###.....#
###+##### #.# #.....##
#.# #####... #.#
######## #. #.......


You could see 2 gnolls.

Vanquished Creatures
  2 gnolls (D:3)
  An adder (D:2)
  3 ball pythons
  3 bats
  2 endoplasms
  2 giant cockroaches
  6 goblins
  5 hobgoblins
  5 kobolds
  2 quokkas (D:1)
  3 frilled lizards
  3 rats
37 creatures vanquished.

Notes
Turn   | Place    | Note
-------+----------+-------------------------------------------
     0 | D:1      | Descartes the Spriggan Wanderer began the quest for the
                  | Orb.
     0 | D:1      | Descartes set off with the following items: a +2 mace, a +0
                  | cloak, a scroll of summoning, a +0 robe; and the following
                  | spell memorised: Slow; and the following spells available
                  | to memorise: Summon Guardian Golem.
     0 | D:1      | Reached XP level 1. HP: 10/10 MP: 3/3
   410 | D:1      | Reached XP level 2. HP: 13/14 MP: 5/5
   530 | D:1      | Found a faded altar of an unknown god.
  1175 | D:2      | Reached skill level 4 in Stealth
  1611 | D:2      | Reached XP level 3. HP: 18/18 MP: 6/6
  1819 | D:2      | Found a radiant altar of Vehumet.
  2676 | D:3      | Slain by a gnoll

Illustrated notes

Levels and vault maps discovered:
D:1:      beargit_arrival_diablo_church, layout_basic,
          shapermc_ecumenical_altar_mp_urbaneastern, serial_glass,
          glass_columns_b, glass_columns_c, minmay_misc_feat_four_crosses
D:2:      layout_basic, basic_altar
D:3:      layout_basic

Skill      XL: |  1  2  3 |
---------------+----------+-----
Dodging        | 2 3 |  3.2
Stealth        | 4 |  4.7
Fighting       | |  1.0
Short Blades   | |  0.7
Maces & Flails | |  1.3
Spellcasting   | |  1.3
Conjurations   | |  0.5
Hexes          | |  2.4
Evocations     | |  1.3

Action                   || total
-------------------------++-------
Melee: Mace              ||    90
 Stab: Sleeping          ||    11
Armor: Robe              ||     8
Dodge: Dodged            ||    72
